 Dungeon Crawl Stone Soup version 0.18-a0-1243-g9e52518 (webtiles) character file.

823 Lathuz the Covert (level 7, -1/32 HPs)
             Began as a Spriggan Enchanter on Feb 5, 2016.
             Killed from afar by an orc wizard (6 damage)
             ... with a magic dart
             ... on level 4 of the Dungeon.
             The game lasted 00:16:36 (5670 turns).

Lathuz the Covert (Spriggan Enchanter)              Turns: 5670, Time: 00:16:37

Health: -1/32      AC:  4    Str:  4    XL:     7   Next: 63%
Magic:  0/15       EV: 18    Int: 19    God:
Gold:   183        SH:  0    Dex: 16    Spells: 3 memorised, 9 levels left

rFire  . . .     SeeInvis +     q - +0 dagger (speed)
rCold  . . .     Gourm    .     b - +1 robe
rNeg   + . .     Faith    .     (shield restricted)
rPois  +         Spirit   +     (helmet restricted)
rElec  .         Dismiss  .     a - +0 cloak (curse)
rCorr  .         Reflect  .     (gloves unavailable)
SustAt .         Harm     .     (boots unavailable)
MR     +....                    f - amulet of guardian spirit
Stlth  ++++......               l - ring of poison resistance
                                g - ring of positive energy

@: very quick, somewhat resistant to hostile enchantments, stealthy
A: unfitting armour, see invisible, herbivore 3, speed 3, slow metabolism 2
a: no special abilities


You were on level 4 of the Dungeon.
You were hungry.

You visited 1 branch of the dungeon, and saw 4 of its levels.

You collected 183 gold pieces.

Inventory:

Hand Weapons
 q - a +0 dagger of speed (weapon)
Missiles
 h - 95 stones (quivered)
Armour
 a - a cursed +0 cloak (worn)
 b - a +1 robe (worn)
Jewellery
 f - an amulet of guardian spirit (around neck)
 g - a ring of positive energy (left hand)
 l - a ring of poison resistance (right hand)
Scrolls
 e - 5 scrolls of identify {unknown}
 j - 2 scrolls of amnesia {unknown}
 k - a scroll of immolation {unknown}
 o - 2 scrolls of recharging {unknown}
 s - a scroll of magic mapping {unknown}
 t - a scroll of teleportation {unknown}
 u - a scroll of blinking {unknown}
Potions
 i - a potion of berserk rage {unknown}
 m - a potion of cancellation {unknown}
 n - 2 potions of poison {unknown}
 p - 4 potions of brilliance {unknown}
 r - 3 potions of might {unknown}
 v - 2 potions of flight {unknown}
 x - a potion of lignification {unknown}
 z - a potion of mutation {unknown}
Books
 c - a book of Maledictions

   Spells                             Type                      Level
   a - Corona                         Hexes                        1
   b - Ensorcelled Hibernation        Hexes/Ice                    2
   c - Confuse                        Hexes                        3
   d - Tukima's Dance                 Hexes                        3
   e - Dazzling Spray                 Conjuration/Hexes            3
Comestibles
 d - 5 bread rations
 w - 3 fruits


   Skills:
 - Level 5.0 Short Blades
 - Level 3.0 Dodging
 - Level 8.1 Stealth
 + Level 4.8 Spellcasting
 * Level 6.8 Hexes


You had 9 spell levels left.
You knew the following spells:

 Your Spells              Type           Power        Failure   Level  Hunger
a - Corona                Hex            ####...      1%          1    None
b - Ensorcelled Hibernat  Hex/Ice        ###...       6%          2    #......
c - Confuse               Hex            ####....     1%          3    ##.....


Dungeon Overview and Level Annotations

Branches:
Dungeon (4/15)
 Temple: D:4-7

Altars:
Pakellas
Qazlal
Trog

Annotations:
D:1 1 runed door


Innate Abilities, Weirdness & Mutations

You are tiny and cannot use many weapons and most armour.
You have supernaturally acute eyesight.
You are a herbivore.
You cover ground extremely quickly.
You need consume almost no food.


Message History

You barely miss the orc wizard.
The orc wizard is almost dead.
The orc wizard closely misses you.
You barely miss the orc wizard.
The orc wizard is almost dead.
The orc barely misses you.
You barely miss the orc wizard.
The orc wizard is almost dead.
The orc wizard gestures wildly while chanting.
The orc wizard blinks!
You hit the orc wizard but do no damage.
The orc wizard is almost dead.
You barely miss the orc wizard.
The orc wizard is almost dead.
The orc wizard misses you.
You closely miss the orc wizard.
The orc wizard is almost dead.
The orc wizard gestures at you while chanting.
The magic dart hits you!
You die...

...### ##..........##..# ...##
##..............#
#...####...............#
##.....#..........)....#
#..####...÷............# .###
#................##......... .#
#...####'###.....##?....o.o. .#
#..#8..#...8#....#......o...
#..#....#..@#.##.#..........
#..#...#..oo#.###...o.......
#..##.#.#.#)).###........<.. ###
#..'.#.#.#.##.##.........?..
..#####.#....#...#..#...........#
....# #.#...#....#†.#...........#
....###.#8...#..8#....o........##
.....##..###+####..#...........#
......#............#............#


You could see an orc wizard and an orc.

Vanquished Creatures
  Sigmund (D:3)
  A wyvern (D:3)
  2 ogres (D:4)
  A scorpion (D:2)
  An orc priest (D:4)
  A hound (D:4)
  An orc wizard (D:4)
  A centaur skeleton (D:4)
  A worker ant (D:4)
  6 adders
  3 worms
  4 giant geckos
  5 orcs (D:3)
  6 giant cockroaches
  10 goblins
  11 hobgoblins
  16 jackals
  2 quokkas
  4 bats
  7 giant newts
  11 kobolds
  8 rats
103 creatures vanquished.

Notes
Turn   | Place    | Note
--------------------------------------------------------------
     0 | D:1      | Lathuz the Spriggan Enchanter began the quest for the Orb.
     0 | D:1      | Reached XP level 1. HP: 9/9 MP: 5/5
     1 | D:1      | Found a runed door.
   647 | D:1      | Reached XP level 2. HP: 13/13 MP: 6/6
   658 | D:1      | Learned a level 2 spell: Ensorcelled Hibernation
   712 | D:1      | Reached skill level 5 in Stealth
  1401 | D:1      | Reached XP level 3. HP: 16/16 MP: 8/8
  1433 | D:1      | Learned a level 3 spell: Confuse
  1737 | D:2      | Found a bloodstained altar of Trog.
  1859 | D:2      | Found a stormy altar of Qazlal.
  1859 | D:2      | Found an oddly glowing altar of Pakellas.
  2246 | D:2      | Reached skill level 6 in Stealth
  3244 | D:2      | Reached XP level 4. HP: 21/21 MP: 7/9
  3794 | D:3      | Noticed a wyvern
  3800 | D:3      | Killed a wyvern
  3800 | D:3      | Reached skill level 8 in Stealth
  3800 | D:3      | Reached XP level 5. HP: 20/24 MP: 10/10
  3800 | D:3      | Reached XP level 6. HP: 23/28 MP: 11/11
  4385 | D:3      | Reached skill level 5 in Short Blades
  4651 | D:3      | Noticed Sigmund
  4653 | D:3      | Killed Sigmund
  4943 | D:3      | Reached skill level 5 in Hexes
  5222 | D:4      | Reached XP level 7. HP: 32/32 MP: 13/13
  5670 | D:4      | Killed from afar by an orc wizard

Vault maps used:
D:1:      dpeg_arrival_caged_fury
D:2:      lightli_temple_of_fire, gammafunk_temple_overflow_wave
D:3:      corexii_shack_village, first_bread, guppyfry_early_lair_pool,
          uniq_sigmund
D:4:      temple_doors_a, nicolae_ossuary_entry_ruins, serial_bayou_pond_d,
          minivault_1

Action                   |  1- 3 |  4- 6 |  7- 9 || total
-------------------------+-------+-------+-------++-------
Melee: Dagger            |   180 |    83 |    55 ||   318
 Cast: Ensorcelled Hiber |    24 |    26 |    13 ||    63
       Confuse           |       |       |     1 ||     1
 Stab: Sleeping          |    29 |    36 |    10 ||    75
       Distracted        |     1 |       |     1 ||     2
       Confused          |       |       |     1 ||     1
  Eat: Fruit             |     2 |     1 |     1 ||     4
       Pizza             |       |     1 |       ||     1
